 Dungeon Crawl Stone Soup version 0.29.1 (webtiles) character file.

Game seed: 8478475952617185867

336 QueenGhuleh the Chopper (level 6, -2/53 HPs)
             Began as a Minotaur Berserker on Sept 13, 2022.
             Was a Believer of Trog.
             Killed from afar by a dart slug (4 damage)
             ... with a slug dart
             ... on level 5 of the Dungeon.
             The game lasted 00:04:55 (3013 turns).

QueenGhuleh the Chopper (Minotaur Berserker)        Turns: 3013, Time: 00:04:56

Health: -2/53      AC: 11    Str: 24    XL:     6   Next: 28%
Magic:  5/5        EV:  7    Int:  4    God:    Trog [**....]
Gold:   225        SH:  0    Dex:  9    Spells: 5/5 levels left

rFire   . . .      SeeInvis .   a - +0 hand axe
rCold   . . .      Faith    .   (no shield)
rNeg    . . .      Spirit   .   r - +0 plate armour
rPois   .          Reflect  .   (helmet restricted)
rElec   .          Harm     .   (no cloak)
rCorr   .          Rampage  .   (no gloves)
Will    .....                   (no boots)
Stlth   ..........              (no amulet)
HPRegen 0.17/turn               (no ring)
MPRegen 0.09/turn               (no ring)

@: lethally poisoned (-2 -> -32)
A: horns 2, retaliatory headbutt
a: Renounce Religion, Berserk, Trog's Hand


You were on level 5 of the Dungeon.
You worshipped Trog.
Trog was pleased with you.
You visited 1 branch of the dungeon, and saw 5 of its levels.

You collected 225 gold pieces.

Inventory:

Hand Weapons
 a - a +0 hand axe (weapon)
Armour
 i - a +0 ring mail
 r - a +0 plate armour (worn)
Wands
 p - a wand of polymorph (7)
Scrolls
 b - a scroll of brand weapon {unknown}
 d - a scroll of summoning {unknown}
 e - 8 scrolls of identify {unknown}
 f - 2 scrolls of teleportation {unknown}
 j - a scroll of vulnerability {unknown}
 k - a scroll of immolation {unknown}
 l - a scroll of fear {unknown}
 o - a scroll of amnesia {unknown}
 s - a scroll of fog {unknown}
Potions
 c - 2 potions of attraction {unknown}
 g - 3 potions of lignification {unknown}
 h - 2 potions of curing {unknown}
 m - a potion of ambrosia {unknown}
 n - a potion of flight {unknown}
 q - a potion of heal wounds {unknown}
 t - a potion of resistance {unknown}
 u - a potion of invisibility {unknown}


   Skills:
 + Level 4.7 Fighting
 + Level 6.6 Axes
 + Level 4.3 Armour
 + Level 2.8 Dodging
 + Level 0.6 Stealth


You had 5 spell levels left.
You didn't know any spells.
Your spell library was empty.

Dungeon Overview and Level Annotations

Branches:
Dungeon (5/15)             Temple (0/1) D:5

Altars:

Annotations:
D:3 2 transporters, joebiden's ghost, amateur HuHW


Innate Abilities, Weirdness & Mutations

You have a pair of horns on your head.
You reflexively headbutt those who attack you in melee.


Message History

You completely miss the orc wizard. Your headbutt misses the orc wizard.
The orc wizard is moderately wounded.
You hit the orc.
You feel sick. The orc barely misses you. The orc wizard closely misses you.
You miss the orc wizard.
The orc wizard is moderately wounded.
You hit the orc.
You kill the orc!
Trog accepts your kill.
You completely miss the dart slug.
You feel very sick.
The orc wizard hits you with a +2 dagger of venom.
You are lethally poisoned!
The dart slug barely misses you.
You barely miss the orc wizard.
The orc wizard is moderately wounded.
You hit the dart slug.
* * * LOW HITPOINT WARNING * * *
You feel very sick.
The orc wizard hits you with a +2 dagger of venom.
* * * LOW HITPOINT WARNING * * *
You are more poisoned.
You closely miss the orc wizard. You headbutt the orc wizard!
The orc wizard is severely wounded.
You hit the dart slug.
* * * LOW HITPOINT WARNING * * *
You feel very sick.
The orc wizard hits you but does no damage.
You are more poisoned.
The dart slug bites you but does no damage.
You closely miss the orc wizard.
The orc wizard is severely wounded.
You hit the dart slug.
* * * LOW HITPOINT WARNING * * *
You feel very sick.
The orc wizard hits you but does no damage.
You are more poisoned.
The dart slug launches a dart at you. The slug dart hits you.
You die...

#.....#...#######
#:....#####
####.....#
#........#
#.####.### .
####..)#######
.(.....).......#
##...:...$)w..##
#..~~....o@..#
#.~..~.......#
#~~~..~..~~...~#
~~~..~..~..~..~~#
~~(..~.⌠~..~..~~#
..~..~⌠.~...~~#
.~..~..~..~~~#
.~~..~..~~~##


You could see an orc wizard and a dart slug.

Vanquished Creatures
  A black bear (D:5)
  A scorpion (D:3)
  A hound (D:4)
  Jessica (D:2)
  Ijyb (D:3)
  5 adders (D:2)
  3 worms
  3 dart slugs
  3 orcs (D:5)
  4 bats
  4 endoplasms
  A giant cockroach (D:3)
  2 hobgoblins (D:2)
  A quokka (D:2)
  3 ball pythons
  2 frilled lizards (D:2)
  8 goblins
  3 kobolds
  3 rats
50 creatures vanquished.

Vanquished Creatures (others)
  3 plants (D:3)
3 creatures vanquished.

Grand Total: 53 creatures vanquished

Notes
Turn   | Place    | Note
-------+----------+-------------------------------------------
     0 | D:1      | QueenGhuleh the Minotaur Berserker began the quest for the
                  | Orb.
     0 | D:1      | Reached XP level 1. HP: 19/19 MP: 0/0
   736 | D:1      | Reached skill level 4 in Axes
   807 | D:1      | Found a faded altar of an unknown god.
   903 | D:2      | Reached XP level 2. HP: 27/27 MP: 1/1
  1225 | D:2      | Reached XP level 3. HP: 31/33 MP: 2/2
  1556 | D:2      | Reached skill level 5 in Axes
  1775 | D:2      | Reached XP level 4. HP: 40/40 MP: 3/3
  1775 | D:2      | Noticed Jessica
  1779 | D:2      | Killed Jessica
  1980 | D:3      | Found a transporter.
  1984 | D:3      | Found a transporter.
  1984 | D:3      | Noticed joebiden's ghost (amateur HuHW)
  1999 | D:3      | Noticed Ijyb
  2019 | D:3      | Killed Ijyb
  2020 | D:3      | Reached XP level 5. HP: 13/47 MP: 4/4
  2471 | D:3      | Reached skill level 6 in Axes
  2917 | D:4      | Reached ** piety under Trog
  2981 | D:4      | You fall into a shaft and drop 1 floor!
  2981 | D:5      | Entered Level 5 of the Dungeon
  2981 | D:5      | Found a staircase to the Ecumenical Temple.
  2996 | D:5      | Noticed a black bear
  3006 | D:5      | Killed a black bear
  3007 | D:5      | Reached XP level 6. HP: 31/53 MP: 5/5
  3013 | D:5      | HP: 2/53 [poisoned by an orc wizard]
  3013 | D:5      | Killed from afar by a dart slug

Illustrated notes

Levels and vault maps discovered:
D:1:      tarquinn_simple_flora_water_e, layout_loops_corners,
          basic_ecumenical_altar
D:2:      layout_rooms, serial_glass, glass_columns_a, glass_columns_b,
          minmay_tromino_v4_a, uniq_jessica
D:3:      kennysheep_the_goblin_king, layout_basic, gammafunk_ghost_mausoleum,
          serial_bayou_pond_c, hangedman_decor_growths
D:4:      layout_basic, vehumet_altar_wand_db
D:5:      cheibrodos_helix_gallery, layout_basic,
          mainiacjoe_overflow_small_starburst, minmay_temple_entry_sparse_star,
          guppyfry_early_lair_pool, uniq_menkaure

Skill      XL: |  1  2  3  4  5 |
---------------+----------------+-----
Axes           | 4 5 6 |  6.6
Fighting       | 4 |  4.7
Armour         | 3 4 |  4.3
Dodging        | |  2.8
Stealth        | |  0.6

Action                   |  1- 3 |  4- 6 || total
-------------------------+-------+-------++-------
Melee: Hand axe          |    70 |    64 ||   134
       Headbutt          |     6 |    13 ||    19
Invok: Berserk           |     1 |       ||     1
Armor: Animal skin       |     3 |       ||     3
       Ring mail         |    17 |     9 ||    26
       Plate armour      |       |    34 ||    34
Dodge: Dodged            |    47 |    27 ||    74
